 Dungeon Crawl Stone Soup version 0.29.0-13-gc9e81de378 (webtiles) character file.

Game seed: 14301980491490350411

6323 groovy9 the Severer (level 10, -8/81 HPs)
             Began as a Minotaur Fighter on Sept 9, 2022.
             Was a Follower of Makhleb.
             Mangled by a six-headed hydra (12 damage)
             ... on level 1 of the Lair of Beasts.
             The game lasted 00:29:57 (8795 turns).

groovy9 the Severer (Minotaur Fighter)              Turns: 8795, Time: 00:29:57

Health: -8/81      AC: 14    Str: 26    XL:     10   Next: 64%
Magic:  13/13      EV:  6    Int:  9    God:    Makhleb [*.....]
Gold:   445        SH:  9    Dex:  9    Spells: 9/9 levels left

rFire   . . .      SeeInvis +   b - +2 mace (holy)
rCold   . . .      Faith    .   c - +0 buckler
rNeg    . . .      Spirit   .   r - +1 plate armour
rPois   .          Reflect  +   (helmet restricted)
rElec   .          Harm     .   n - +0 cloak
rCorr   .          Rampage  .   (no gloves)
Will    .....                   (no boots)
Stlth   ..........              k - amulet of reflection
HPRegen 0.23/turn               j - ring of see invisible
MPRegen 0.13/turn               p - +6 ring of intelligence

@: mighty, slightly contaminated, studying Throwing
A: horns 2, retaliatory headbutt, dopey 1
a: Renounce Religion


You were on level 1 of the Lair of Beasts.
You worshipped Makhleb.
Makhleb was aware of your devotion.
You visited 2 branches of the dungeon, and saw 9 of its levels.

You collected 445 gold pieces.

Inventory:

Hand Weapons
 a - the +6 war axe of Naaxotet {freeze, Contam rPois Dex+5 Stlth+}
   (You found it on level 6 of the Dungeon)

   It freezes those it strikes, dealing additional cold damage.
   It can also slow down cold-blooded creatures.
   Dex:       It affects your dexterity (+5).
   rPois:     It protects you from poison.
   Contam:    It causes magical contamination when unequipped.
   Stlth:     It makes you more stealthy.
 b - a +2 mace of holy wrath (weapon)
 u - a +3 war axe
Missiles
 e - 6 javelins (quivered)
Armour
 c - a +0 buckler (worn)
 n - a +0 cloak (worn)
 r - a +1 plate armour (worn)
 y - the +2 leather armour of Spring Thaw {rF+ rC- Regen+ Dex+3}
   (You found it on level 6 of the Dungeon)

   Dex:       It affects your dexterity (+3).
   rF:        It protects you from fire.
   rC:        It makes you vulnerable to cold.
   Regen:     It increases your rate of health regeneration.
 C - a +1 scale mail
Jewellery
 j - a ring of see invisible (left hand)
 k - an amulet of reflection (around neck)
 m - a ring of ice
 p - a +6 ring of intelligence (right hand)
 B - a ring of fire
Wands
 i - a wand of quicksilver (4)
 s - a wand of roots (11)
Scrolls
 f - 3 scrolls of magic mapping
 g - 4 scrolls of teleportation
 q - 2 scrolls of vulnerability
 v - a scroll of noise
 z - a scroll of torment
Potions
 d - a potion of might
 h - a potion of invisibility {unknown}
 l - 2 potions of berserk rage
 o - a potion of attraction
 t - 3 potions of flight
 w - 4 potions of curing
 x - a potion of haste


   Skills:
 + Level 5.3 Fighting
 - Level 16.0 Axes
 + Level 5.3 Armour
 + Level 5.4 Shields
 + Level 6.5 Invocations


You had 9 spell levels left.
You didn't know any spells.
Your spell library contained the following spells:

 Spells                   Type           Power      Damage    Failure   Level
 Ensorcelled Hibernation  Hex/Ice        0%         N/A       100%        2
 Passwall                 Tmut/Erth      0%         N/A       100%        2
 Dazzling Flash           Conj/Hex       0%         N/A       100%        3
 Swiftness                Air            0%         N/A       100%        3
 Iskenderun's Mystic Bla  Conj/Tloc      0%         2d3       100%        4
 Starburst                Conj/Fire      0%         6d3       100%        6


Dungeon Overview and Level Annotations

Branches:
Dungeon (8/15)             Temple (0/1) D:6            Lair (1/5) D:8

Altars:
Cheibriados
Elyvilon
Hepliaklqana
Makhleb
Ru
Trog
Vehumet
Wu Jian
Xom
Yredelemnul
Zin
The Shining One

Shops:
D:5 *


Innate Abilities, Weirdness & Mutations

You have a pair of horns on your head.
You reflexively headbutt those who attack you in melee.
You are dopey. (Int -2)


Message History

You block the six-headed hydra's attack.
The six-headed hydra completely misses you.
You hit the six-headed hydra.
Your headbutt misses the six-headed hydra.
The six-headed hydra is moderately wounded.
You sock the six-headed hydra! You headbutt the six-headed hydra.
The six-headed hydra is heavily wounded.
The six-headed hydra bites you but does no damage.
You block the six-headed hydra's attack.
The six-headed hydra bites you!
You block the six-headed hydra's attack.
The six-headed hydra bites you but does no damage.
The six-headed hydra barely misses you.
Your body shudders with the violent release of wild energies!
You feel stupid.
You feel less contaminated with magical energies.
You hit the six-headed hydra.
Your headbutt misses the six-headed hydra.
The six-headed hydra is heavily wounded.
The six-headed hydra bites you! The six-headed hydra barely misses you.
You block the six-headed hydra's attack.
The six-headed hydra barely misses you.
The six-headed hydra bites you but does no damage.
The six-headed hydra barely misses you.
You feel very mighty all of a sudden.
The six-headed hydra bites you but does no damage.
The six-headed hydra bites you!
* * * LOW HITPOINT WARNING * * *
You block the six-headed hydra's attack.
The six-headed hydra bites you.
* * * LOW HITPOINT WARNING * * *
You block the six-headed hydra's attack. x2
You hit the six-headed hydra.
Your headbutt misses the six-headed hydra.
The six-headed hydra is heavily wounded.
You block the six-headed hydra's attack.
The six-headed hydra bites you!
* * * LOW HITPOINT WARNING * * *
The six-headed hydra bites you!
You die...

##.....#
.#......########## ..
..#.....##.##....# #.#
.........~......####..#
..b...~~~~~~~~............
.....~~≈~~~≈~~.......##...
.....~≈~≈≈~~≈~~.....#....
####~≈≈~D~.≈≈≈....###.l.#
#~~≈≈.@.~≈~..####....#
#~≈≈≈~~†≈≈~..####...##.
#..~≈≈≈≈≈~≈~...##.......
##.~~≈≈≈≈≈~~...###..##
##.~~~~≈~~~.........#
##...~.~.....##.>.##
########...##.....#
#....######## ##...#


You could see a six-headed hydra.

Vanquished Creatures
  Pikel (D:5)
  Joseph (D:8)
  Maggie (D:6)
  An unseen horror (D:7)
  2 komodo dragons
  Prince Ribbit (D:8)
  A wyvern (Lair:1)
  A basilisk (D:7)
  Menkaure (D:6)
  A water moccasin (D:5)
  3 black bears
  8 ice beasts
  2 sky beasts (D:6)
  An orc warrior (D:8)
  An ogre (D:5)
  A centaur (D:8)
  2 wolves (Lair:1)
  A lemure (D:5)
  A kobold brigand (D:8)
  2 phantoms
  2 bullfrogs
  A gnoll sergeant (D:7)
  2 scorpions
  3 necrophages
  A howler monkey (D:5)
  10 hounds
  2 jellies
  4 gnoll boudas
  3 orc priests
  Crazy Yiuf (D:3)
  7 iguanas
  Ijyb (D:5)
  7 orc wizards
  A hound skeleton (D:6)
  Robin (D:4)
  16 gnolls
  9 adders
  A shadow imp (D:7)
  2 ufetubi
  2 worms
  2 dart slugs
  27 orcs
  10 endoplasms
  3 giant cockroaches (D:1)
  16 goblins
  20 hobgoblins
  9 jackals
  3 quokkas
  7 ball pythons
  6 bats
  A frilled lizard (D:3)
  7 kobolds
  8 rats
228 creatures vanquished.

Vanquished Creatures (others)
  A hobgoblin (D:2)
  3 fungi (Lair:1)
  12 plants
16 creatures vanquished.

Grand Total: 244 creatures vanquished

Notes
Turn   | Place    | Note
-------+----------+-------------------------------------------
     0 | D:1      | groovy9 the Minotaur Fighter began the quest for the Orb.
     0 | D:1      | Reached XP level 1. HP: 19/19 MP: 0/0
   128 | D:1      | Reached skill level 3 in Axes
   184 | D:1      | Reached XP level 2. HP: 25/26 MP: 1/1
   459 | D:1      | Reached skill level 4 in Axes
   745 | D:2      | Found a faded altar of an unknown god.
   862 | D:2      | Reached XP level 3. HP: 31/31 MP: 2/2
  1394 | D:2      | Reached skill level 5 in Axes
  1886 | D:3      | Reached XP level 4. HP: 39/39 MP: 3/3
  2032 | D:3      | Found a glowing golden altar of the Shining One.
  2036 | D:3      | Became a worshipper of the Shining One
  2400 | D:3      | Found a runed translucent door.
  2401 | D:3      | Noticed Crazy Yiuf
  2407 | D:3      | Killed Crazy Yiuf
  2408 | D:3      | Reached skill level 6 in Axes
  2549 | D:3      | Reached XP level 5. HP: 45/45 MP: 4/4
  2638 | D:4      | Noticed Robin
  2640 | D:4      | Killed Robin
  2670 | D:4      | Reached skill level 7 in Axes
  2823 | D:4      | Reached XP level 6. HP: 51/51 MP: 5/5
  2824 | D:4      | Found a basalt altar of Yredelemnul.
  2825 | D:4      | Found a shimmering altar of Xom.
  2830 | D:4      | Found a bloodstained altar of Trog.
  2835 | D:4      | Found a snail-covered altar of Cheibriados.
  2942 | D:4      | Reached * piety under the Shining One
  2951 | D:4      | Reached skill level 8 in Axes
  3150 | D:4      | Reached skill level 9 in Axes
  3319 | D:5      | Entered Level 5 of the Dungeon
  3346 | D:5      | Found Lyfrofaf's Assorted Antiques.
  3385 | D:5      | Reached XP level 7. HP: 51/57 MP: 6/6
  3487 | D:5      | Noticed Pikel
  3502 | D:5      | The Shining One protects you from harm!
  3504 | D:5      | Killed Pikel
  3505 | D:5      | Reached skill level 11 in Axes
  3795 | D:6      | Reached XP level 8. HP: 63/64 MP: 7/7
  3909 | D:5      | Found a glowing silver altar of Zin.
  3927 | D:5      | Noticed Ijyb
  3937 | D:5      | Reached skill level 12 in Axes
  3944 | D:5      | Killed Ijyb
  4165 | D:5      | Found a radiant altar of Vehumet.
  4322 | D:5      | Reached ** piety under the Shining One
  4396 | D:5      | Reached skill level 13 in Axes
  4453 | D:6      | Identified the +6 war axe of Naaxotet {freeze, Contam rPois
                  | Dex+5 Stlth+}
  4466 | D:6      | Reached skill level 1 in Invocations
  4476 | D:6      | Found a staircase to the Ecumenical Temple.
  4486 | D:6      | Noticed Maggie
  4493 | D:6      | Killed Maggie
  4494 | D:6      | Reached XP level 9. HP: 19/70 MP: 9/9
  4779 | D:6      | Identified the +2 leather armour of Spring Thaw {rF+ rC-
                  | Regen+ Dex+3}
  4807 | D:6      | Reached skill level 14 in Axes
  5141 | D:6      | Noticed Menkaure
  5153 | D:6      | Killed Menkaure
  5692 | D:6      | Reached skill level 15 in Axes
  5827 | D:6      | Found a burning altar of Makhleb.
  5840 | D:6      | Fell from the grace of the Shining One
  5840 | D:6      | Became a worshipper of Makhleb the Destroyer
  5866 | D:7      | Found a sacrificial altar of Ru.
  6255 | D:7      | Reached skill level 5 in Invocations
  6264 | D:7      | Found a hazy altar of Hepliaklqana.
  6562 | D:7      | Reached * piety under Makhleb
  6631 | D:7      | Found an ornate altar of the Wu Jian Council.
  6747 | D:7      | Noticed an unseen horror
  6751 | D:7      | Reached XP level 10. HP: 61/77 MP: 12/12
  6763 | D:7      | Reached skill level 16 in Axes
  7060 | D:7      | Found a white marble altar of Elyvilon.
  7416 | D:8      | Found a staircase to the Lair.
  7771 | D:8      | Noticed Joseph
  7782 | D:8      | Killed Joseph
  7952 | D:8      | Noticed Prince Ribbit
  7960 | D:8      | Killed Prince Ribbit
  8676 | Lair:1   | Entered Level 1 of the Lair of Beasts
  8687 | Lair:1   | Reached skill level 5 in Fighting
  8687 | Lair:1   | Reached skill level 5 in Armour
  8687 | Lair:1   | Reached skill level 5 in Shields
  8779 | Lair:1   | Noticed a six-headed hydra
  8792 | Lair:1   | Gained mutation: You are dopey. (Int -2) [mutagenic glow]
  8795 | Lair:1   | HP: 4/81 [six-headed hydra (13)]
  8795 | Lair:1   | Mangled by a six-headed hydra

Illustrated notes

Levels and vault maps discovered:
D:1:      amcnicky_arrival_gap_in_the_tavern_cellar, layout_loops_ring
D:2:      layout_basic, chequers_ecumenical_altar_island, serial_forest,
          infiniplex_forest_zigzag_2, infiniplex_forest_zigzag_1,
          infiniplex_forest_clump_small, infiniplex_forest_end_2,
          infiniplex_forest_clump_small, infiniplex_forest_end_1,
          infiniplex_forest_lined_3_way, infiniplex_forest_clump_long,
          lemuel_old_faithful
D:3:      layout_loops_ring, nicolae_tso_carved_into_rock, minmay_bisected,
          uniq_crazy_yiuf_cottage
D:4:      cheibrodos_greedy_goblins, layout_rooms, minitemple, uniq_robin
D:5:      layout_basic, mainiacjoe_overflow_tiny_flanked, lemuel_tele_altar,
          serial_shops, shop, uniq_pikel, uniq_ijyb
D:6:      layout_layer_cave, makhleb_blood_cavern_becter,
          minmay_temple_entry_mini_moons, uniq_maggie, uniq_menkaure
D:7:      layout_cave_pools, mainiacjoe_overflow_alcove_4,
          nzn_wu_jian_council_hall, mainiacjoe_overflow_large_starburst,
          serial_gnoll_camp, gnoll_camp_mini_doghouse, gnoll_camp_mini_basic,
          gnoll_camp_mini_doghouse, gnoll_camp_mini_hut, gnoll_camp_mini_house,
          minmay_manual_maat
D:8:      layout_cave_pods, david_lair_shrubbed, uniq_prince_ribbit1,
          uniq_joseph
Lair:1:   layout_cellular_growth, gauntlet_entry_generic, serial_bayou_pond_d,
          lemuel_fruit_fields, serial_bayou_shore_a, grunt_megastairs_4,
          infiniplex_staircase_pool_2

Skill      XL: |  1  2  3  4  5  6  7  8  9 10 |
---------------+-------------------------------+-----
Axes           | 3 4 5 6 7 9 11 13 15 16 | 16.0
Invocations    | 2 5 6 |  6.5
Fighting       | 5 |  5.3
Armour         | 5 |  5.3
Shields        | 5 |  5.4

Action                   |  1- 3 |  4- 6 |  7- 9 | 10-12 || total
-------------------------+-------+-------+-------+-------++-------
Melee: War axe           |    88 |   119 |   199 |    79 ||   485
       Headbutt          |    12 |    20 |    49 |    12 ||    93
       Mace              |       |       |       |     9 ||     9
  Use: Scroll            |     8 |     2 |     5 |     4 ||    19
       Potion            |     2 |     2 |     2 |     1 ||     7
Armor: Scale mail        |    38 |    35 |       |       ||    73
       Plate armour      |       |     2 |    66 |    37 ||   105
Dodge: Dodged            |    37 |    26 |    31 |    20 ||   114
Block: Buckler           |    27 |    41 |    70 |    37 ||   175
       Reflection        |       |     2 |       |     3 ||     5
